 Dungeon Crawl Stone Soup version 0.30-a0-1116-gebefce21f7 (webtiles) character file.

Game seed: 10059192919527016343

144 Arzdou the Chiller (level 5, 0/35 HPs)
             Began as a Merfolk Ice Elementalist on Apr 21, 2023.
             Slain by Grinder (8 damage)
             ... on level 3 of the Dungeon.
             The game lasted 00:06:50 (2552 turns).

Arzdou the Chiller (Merfolk Ice Elementalist)       Turns: 2552, Time: 00:06:51

Health: 0/35       AC:  8    Str:  9    XL:     5   Next: 27%
Magic:  2/10       EV: 12    Int: 16    God:
Gold:   130        SH:  0    Dex: 14    Spells: 4/11 levels left

rFire   + . .      SeeInvis .    j - +0 spear
rCold   + . .      Faith    .    (no shield)
rNeg    . . .      Spirit   .    a - +0 robe
rPois   .          Reflect  .    (no helmet)
rElec   .          Rampage  .    m - scarf {rC+ rF+}
rCorr   .                        (no gloves)
Will    .....                    (no boots)
Stlth   ++                       k - amulet of magic regeneration
HPRegen 0.25/turn                (no ring)
MPRegen 0.52/turn                (no ring)

@: ice-armoured, attractive
A: (nimble swimmer 2), mertail
a: no special abilities


You were on level 3 of the Dungeon.
You visited 1 branch of the dungeon, and saw 3 of its levels.

You collected 130 gold pieces.

Inventory:

Hand Weapons
 g - a +0 dagger
 j - a +0 spear (weapon)
Armour
 a - a +0 robe (worn)
 m - a scarf of resistance (worn)
Jewellery
 k - an amulet of magic regeneration (around neck)
 l - a ring of fire
Scrolls
 c - 2 scrolls of enchant weapon {unknown}
 f - a scroll of identify
 i - a scroll of fog {unknown}
 n - a scroll of enchant armour {unknown}
 o - 2 scrolls of fear
Potions
 b - a potion of magic
 d - a potion of attraction
 e - a potion of haste {unknown}
 h - a potion of lignification {unknown}
 p - a potion of brilliance {unknown}


   Skills:
 * Level 2.2 Polearms
 + Level 2.8 Dodging
 + Level 2.3 Stealth
 * Level 3.8 Spellcasting
 * Level 5.1 Ice Magic


You had 4 spell levels left.
You knew the following spells:

 Your Spells              Type           Power      Damage    Failure   Level
a - Freeze                Ice            76%        1d8       1%          1
b - Frozen Ramparts       Ice            38%        1d6       6%          3
c - Ozocubu's Armour      Ice            19%        N/A       6%          3

Your spell library contained the following spells:

 Spells                   Type           Power      Damage    Failure   Level
 Summon Ice Beast         Ice/Summ       11%        N/A       52%         4
 Manifold Assault         Tloc           3%         N/A       86%         4
 Dispersal                Tloc           1%         N/A       100%        6
 Disjunction              Tloc           1%         N/A       100%        8


Dungeon Overview and Level Annotations

Branches:
Dungeon (3/15)

Altars:
Gozag
Hepliaklqana
Zin

Annotations:
D:3 Grinder


Innate Abilities, Weirdness & Mutations

((You are very nimble when in or above water. (Stealth+, EV+, Speed+++)))
Your lower body shifts to a powerful aquatic tail in water.


Message History

Grinder completely resists.
The wall freezes Grinder but does no damage.
Grinder blinks!
Unknown command.
Unknown command.
Unknown command.
The frozen ramparts melt away.
Grinder gestures at you. You resist with significant effort.
Casting: Ozocubu's Armour (dangerous; 6% risk of failure)
Confirm with . or Enter, or press ? or * to list all spells.
Your icy armour thickens.
Grinder hits you.
Unknown command.
Casting: Ozocubu's Armour (dangerous; 6% risk of failure)
Confirm with . or Enter, or press ? or * to list all spells.
You don't have enough magic to cast this spell.
It was a potion of attraction.
You feel attractive to monsters.
Grinder blinks!
Grinder is attracted toward you.
Casting: Ozocubu's Armour (dangerous; 6% risk of failure)
Confirm with . or Enter, or press ? or * to list all spells.
You don't have enough magic to cast this spell.
You are too injured to fight recklessly!
Casting: Ozocubu's Armour (dangerous; 6% risk of failure)
Confirm with . or Enter, or press ? or * to list all spells.
Aiming: Freeze (safe; 1% risk of failure)
Press: ? - help, Shift-Dir - straight line, f - Grinder
Aim: Grinder (moderately wounded)
You freeze Grinder but do no damage.
Grinder completely resists.
Grinder says, "Mostly I couldn't keep them alive."
Grinder gestures at you. Pain shoots through your body!
* * * LOW HITPOINT WARNING * * *
Okay, then.
As you read the scroll labelled HEENEF WOUDDA, it crumbles to dust.
It is a scroll of identify.
o - 2 scrolls of fear Grinder hits you!
You die...

#.........# #.....).#
#.........#
#.#.###.########
#..######.#
#.#.............
#..######.#
#....##.########
#..##.....# #...§.#.#
#..##.##..###....##.#
#...................#
##.......#.#####5#####
##.†.......# #@#
##.#.###.### #+#
##.#.# #.# ...
##.#.###.# .....
##.#.....# ......[
##.......# .........
.......... +.........+
####....## #.........#
.........#


You could see Grinder.

Vanquished Creatures
  An iguana (D:3)
  Natasha (D:1)
  3 adders
  A dart slug (D:3)
  4 ball pythons
  3 endoplasms
  2 giant cockroaches
  6 goblins
  6 hobgoblins
  2 jackals (D:2)
  2 quokkas (D:3)
  12 bats
  6 frilled lizards
  7 kobolds
  5 rats
  A spectral kobold (D:1)
62 creatures vanquished.

Notes
Turn   | Place    | Note
-------+----------+-------------------------------------------
     0 | D:1      | Arzdou the Merfolk Ice Elementalist began the quest for the
                  | Orb.
     0 | D:1      | Reached XP level 1. HP: 13/13 MP: 3/3
   233 | D:1      | Reached XP level 2. HP: 12/19 MP: 1/5
   583 | D:1      | Found a faded altar of an unknown god.
   595 | D:1      | Reached skill level 1 in Polearms
  1135 | D:2      | Reached XP level 3. HP: 24/24 MP: 3/6
  1327 | D:2      | Found a hazy altar of Hepliaklqana.
  1579 | D:2      | Noticed Natasha
  1580 | D:2      | Reached XP level 4. HP: 16/30 MP: 6/8
  1586 | D:1      | Killed Natasha
  1845 | D:3      | Learned a level 3 spell: Frozen Ramparts
  1849 | D:3      | Learned a level 3 spell: Ozocubu's Armour
  1907 | D:3      | Reached skill level 5 in Ice Magic
  2214 | D:3      | Reached XP level 5. HP: 35/35 MP: 5/10
  2236 | D:3      | Found a glowing silver altar of Zin.
  2236 | D:3      | Found an opulent altar of Gozag.
  2506 | D:3      | Noticed Grinder
  2515 | D:3      | Paralysed by Grinder for 3 turns
  2552 | D:3      | Slain by Grinder

Illustrated notes

Levels and vault maps discovered:
D:1:      spicycebolla_arrival_xxxplode, layout_loops_ring,
          dreamdust_ecumenical_altar_drowned_temple
D:2:      layout_basic, basic_altar, minmay_3d_cube, uniq_natasha
D:3:      layout_loops_corners, grunt_temple_overflow_gold_and_silver,
          uniq_grinder

Skill      XL: |  1  2  3  4 |
---------------+-------------+-----
Polearms       | 1 2 |  2.2
Spellcasting   | 3 |  3.8
Ice Magic      | 5 |  5.1
Dodging        | |  2.8
Stealth        | |  2.3

Action                     |  1- 3 |  4- 6 || total
---------------------------+-------+-------++-------
  Melee: Unarmed           |     8 |       ||     8
         Spear             |    18 |    45 ||    63
         Dagger            |     2 |       ||     2
         Punch             |     1 |       ||     1
   Cast: Freeze            |    63 |    22 ||    85
         Frozen Ramparts   |       |    12 ||    12
         Ozocubu's Armour  |       |     4 ||     4
    Use: Scroll            |       |     1 ||     1
         Potion            |       |     1 ||     1
   Stab: Distracted        |     1 |       ||     1
         Sleeping          |       |     4 ||     4
 Armour: Robe              |    16 |    16 ||    32
  Dodge: Dodged            |    47 |    30 ||    77

Table legend: (Time is in decaauts)
 A = Elapsed time spent in this place.
 B = Non-inter-level travel time spent in this place.
 C = Inter-level travel time spent in this place.
 D = Time resting spent in this place.
 E = Time spent auto-exploring this place.
 F = Levels seen in this place.
 G = Mean time per level.
                   A        B        C        D        E       F      G
               +--------+--------+--------+--------+--------+-----+--------+
         Total |   2553 |   2497 |     56 |     31 |   1987 |   3 |  851.0 |
       Dungeon |   2553 |   2497 |     56 |     31 |   1987 |   3 |  851.0 |
               +--------+--------+--------+--------+--------+-----+--------+

Top non-repeatable levels by time:
     D:1: 1034 daAuts
     D:2: 801 daAuts
     D:3: 717 daAuts
